 Dungeon Crawl Stone Soup version 0.30-b1-2-g02819fbbbe (webtiles) character file.

Game seed: 15214758563906614929

438 LLlMATKO the Chopper (level 6, -21/56 HPs)
             Began as a Minotaur Berserker on Aug 23, 2023.
             Was a Believer of Trog.
             Demolished by an ogre
             ... wielding a +0 giant spiked club
              (30 damage)
             ... on level 4 of the Dungeon.
             The game lasted 00:02:04 (2645 turns).

LLlMATKO the Chopper (Minotaur Berserker)           Turns: 2645, Time: 00:02:04

Health: -21/56     AC:  9    Str: 24    XL:     6   Next: 69%
Magic:  5/5        EV:  9    Int:  4    God:    Trog [**....]
Gold:   143        SH:  0    Dex:  9    Spells: 5/5 levels left

rFire   . . .        a - +0 hand axe
rCold   . . .        (no shield)
rNeg    . . .        n - +0 chain mail
rPois   .            (helmet restricted)
rElec   .            (no cloak)
rCorr   .            (no gloves)
SInv    .            (no boots)
Will    .....        (no amulet) Stlth
                     (no ring)
HPRegen 0.29/turn    (no ring)
MPRegen 0.09/turn

%: no passive effects
@: on berserk cooldown, slowed, very slow
A: horns 2, retaliatory headbutt
a: Renounce Religion, Berserk, Trog's Hand


You were on level 4 of the Dungeon.
You worshipped Trog.
Trog was pleased with you.
You visited 1 branch of the dungeon, and saw 4 of its levels.

You collected 143 gold pieces.

Inventory:

Hand Weapons
 a - a +0 hand axe (weapon)
Missiles
 j - 19 poisoned darts (quivered)
Armour
 n - a +0 chain mail (worn)
Scrolls
 b - a scroll of teleportation {unknown}
 c - a scroll of fear {unknown}
 e - 2 scrolls of summoning {unknown}
 g - a scroll of vulnerability {unknown}
 h - 3 scrolls of amnesia {unknown}
 k - 6 scrolls of identify {unknown}
 m - a scroll of enchant weapon {unknown}
Potions
 d - 2 potions of heal wounds {unknown}
 f - a potion of invisibility {unknown}
 i - 2 potions of curing
 l - 2 potions of lignification {unknown}
 o - 2 potions of haste {unknown}


   Skills:
 + Level 5.5 Fighting
 + Level 5.5 Axes
 + Level 4.8 Armour
 + Level 4.3 Dodging


You had 5 spell levels left.
You didn't know any spells.
Your spell library was empty.

Dungeon Overview and Level Annotations

Branches:
Dungeon (4/15)
 Temple: D:4-7

Altars:


Innate Abilities, Weirdness & Mutations

You have a pair of horns on your head.
You reflexively headbutt those who attack you in melee.


Message History

You feel a strong urge to attack something.
Things that are here:
a +0 whip; a +0 ring mail; an orc corpse You start resting.
You feel your anger nearly subside.
You are no longer berserk.
You are exhausted.
You feel yourself slow down.
You start resting.
An ogre comes into view. It is wielding a +0 giant spiked club.
An ogre is nearby!
An ogre is nearby!
Things that are here:
a +0 dagger; a +0 robe You hit the ogre but do no damage.
Your headbutt misses the ogre. The ogre barely misses you.
You furiously retaliate!
You headbutt the ogre. You hit the ogre. You headbutt the ogre.
The ogre is heavily wounded.
The ogre hits you with a +0 giant spiked club!
You are too injured to fight recklessly!
Unknown command.
You are too injured to fight recklessly!
You are too injured to fight recklessly!
You closely miss the ogre.
The ogre is moderately wounded.
The ogre barely misses you.
You barely miss the ogre.
The ogre is moderately wounded.
The ogre closely misses you. You furiously retaliate!
You headbutt the ogre. You hit the ogre.
The ogre is heavily wounded.
The ogre hits you with a +0 giant spiked club!!
* * * LOW HITPOINT WARNING * * *
You hit the ogre but do no damage.
The ogre is heavily wounded.
The ogre barely misses you.
You hit the ogre.
The ogre is severely wounded.
The ogre hits you with a +0 giant spiked club!!
Ouch! That really hurt!
You die...

#.....♣.....#.......
#..>.....<..#.......
#.....♣.....#.......
#.....).....#.......
##..♣...♣..##.......
##.......##).......
....#.#.....).......
.....####..)##......
...#. #.@.# ..... ..
#. ##O## .#.. . ..#
# . .... ....#.
##..## ..# #..


You could see an ogre.

Vanquished Creatures
  Sigmund (D:2)
  A jelly (D:3)
  An orc priest (D:4)
  Jessica (D:2)
  An orc wizard (D:4)
  Natasha (twice) (D:2)
  4 gnolls (D:3)
  An adder (D:2)
  A worm (D:4)
  2 dart slugs (D:3)
  2 orcs (D:4)
  5 endoplasms
  A giant cockroach (D:2)
  7 goblins
  4 hobgoblins
  7 jackals
  2 quokkas
  4 ball pythons
  6 bats
  4 frilled lizards
  6 kobolds
  4 rats
67 creatures vanquished.

Vanquished Creatures (others)
  A quokka (D:4)
1 creature vanquished.

Grand Total: 68 creatures vanquished

Notes
Turn   | Place    | Note
-------+----------+-------------------------------------------
     0 | D:1      | LLlMATKO the Minotaur Berserker began the quest for the
                  | Orb.
     0 | D:1      | Reached XP level 1. HP: 19/19 MP: 0/0
   172 | D:1      | Reached XP level 2. HP: 25/27 MP: 1/1
   773 | D:1      | Reached XP level 3. HP: 33/33 MP: 2/2
   859 | D:1      | Reached ** piety under Trog
  1111 | D:2      | Noticed Jessica
  1119 | D:2      | Killed Jessica
  1197 | D:2      | Reached XP level 4. HP: 28/40 MP: 3/3
  1389 | D:2      | Noticed Sigmund
  1398 | D:2      | Killed Sigmund
  1399 | D:2      | Reached skill level 5 in Fighting
  1399 | D:2      | Reached skill level 5 in Axes
  1399 | D:2      | Reached XP level 5. HP: 48/48 MP: 4/4
  1571 | D:2      | Noticed Natasha
  1575 | D:2      | Killed Natasha
  1591 | D:2      | Noticed Natasha
  1597 | D:2      | Killed Natasha
  1598 | D:2      | Reached XP level 6. HP: 54/56 MP: 5/5
  2645 | D:4      | Demolished by an ogre

Illustrated notes

Levels and vault maps discovered:
D:1:      tekkud_arrival_beachfront_property, layout_loops_ring
D:2:      cheibrodos_helix_gallery, layout_basic, hex_intersection,
          uniq_jessica, uniq_sigmund, uniq_natasha
D:3:      layout_loops_corners
D:4:      layout_cave_pools, elyvilon_altar_4, ashenzari_altar_1,
          minmay_temple_entry_antechambers, minmay_fountain_box,
          grunt_ministairs_10, uniq_pikel

Skill      XL: |  1  2  3  4  5 |
---------------+----------------+-----
Axes           | 4 5 |  5.5
Fighting       | 4 5 |  5.5
Armour         | 3 4 |  4.8
Dodging        | 3 4 |  4.3

Action                     |  1- 3 |  4- 6 || total
---------------------------+-------+-------++-------
  Melee: Hand axe          |    74 |    77 ||   151
         Headbutt          |     8 |    20 ||    28
 Invoke: Berserk           |     1 |     3 ||     4
 Armour: Animal skin       |     2 |       ||     2
         Ring mail         |    16 |    17 ||    33
         Chain mail        |       |    20 ||    20
  Dodge: Dodged            |    28 |    48 ||    76
